 Dungeon Crawl Stone Soup version 0.30-a0-591-g3c58d2bc28 (webtiles) character file.

Game seed: 4833031161910495775

170573 cforsyth the Warrior (level 17, -1/120 HPs)
             Began as a Gargoyle Earth Elementalist on Jan 5, 2023.
             Was a High Priest of Vehumet.
             Blown up by a spellforged servitor (69 damage)
             ... with an orb of destruction
             ... summoned by the player character
             ... on level 4 of the Snake Pit.
             The game lasted 02:08:41 (38449 turns).

cforsyth the Warrior (Gargoyle Earth Elementalist) Turns: 38449, Time: 02:08:42

Health: -1/120     AC: 32    Str: 16    XL:     17   Next: 99%
Magic:  23/42      EV: 15    Int: 23    God:    Vehumet [*****.]
Gold:   2101       SH:  6    Dex: 10    Spells: 7/40 levels left

rFire   + . .      SeeInvis .    U - +7 flail "Gant" {protect, Will+ Str+3}
rCold   . . .      Faith    .    D - +1 buckler {AC+3}
rNeg    + . .      Spirit   .    K - +3 leather armour of the Lumpy Cities {rF+ Will+}
rPois   ∞          Reflect  .    a - +0 helmet
rElec   +          Harm     .    J - +1 cloak {Stlth+}
rCorr   .          Rampage  .    j - +2 pair of gloves {infuse}
Will    +++..                    u - +2 pair of boots
Stlth   +++                      r - amulet of magic regeneration
HPRegen 0.40/turn                N - ring of magical power
MPRegen 0.68/turn                V - ring of wizardry

@: flying, studying Armour
A: sickness immunity, AC +12, big wings, negative energy resistance 1,
electricity resistance, torment resistance 1, petrification resistance
a: Renounce Religion


You were on level 4 of the Snake Pit.
You worshipped Vehumet.
Vehumet was extremely pleased with you.
You visited 5 branches of the dungeon, and saw 27 of its levels.
You also visited: Gauntlet.

You collected 3295 gold pieces.
You spent 1194 gold pieces at shops.

Inventory:

Hand Weapons
 U - the +7 flail "Gant" (weapon) {protect, Will+ Str+3}
   (You found it on level 10 of the Dungeon)

   Str:       It affects your strength (+3).
   Will:      It increases your willpower.
Armour
 a - a +0 helmet (worn)
 j - a +2 pair of gloves of infusion (worn)
 u - a +2 pair of boots (worn)
 D - a +1 buckler of protection (worn)
 H - a +2 cloak
 J - a +1 cloak of stealth (worn)
 K - the +3 leather armour of the Lumpy Cities (worn) {rF+ Will+}
   (You bought it in a shop on level 2 of the Orcish Mines)

   rF:        It protects you from fire.
   Will:      It increases your willpower.
Jewellery
 r - an amulet of magic regeneration (around neck)
 s - a ring of see invisible
 y - an amulet of the acrobat
 A - the ring of Paniceny {Fly rPois rF- rN++ Int+6}
   (You took it off a minotaur in a Gauntlet)

   [ring of intelligence]

   Int:       It affects your intelligence (+6).
   rF:        It makes you vulnerable to fire.
   rPois:     It protects you from poison.
   rN:        It greatly protects you from negative energy.
   Fly:       It grants you flight.
 B - a ring of resist corrosion
 C - an amulet of reflection
 N - a ring of magical power (left hand)
 R - a ring of willpower
 V - a ring of wizardry (right hand)
 Y - an amulet of regeneration
Wands
 c - a wand of polymorph (17)
 w - a wand of light (20)
 z - a wand of flame (55)
 F - a wand of iceblast (34)
 Q - a wand of paralysis (8)
 S - a wand of digging (5)
 W - a wand of mindburst (1)
Scrolls
 f - 3 scrolls of teleportation
 g - 4 scrolls of enchant armour
 i - 2 scrolls of identify
 l - 5 scrolls of silence
 m - 5 scrolls of vulnerability
 o - 3 scrolls of butterflies
 q - 3 scrolls of immolation
 E - 5 scrolls of poison
 G - 4 scrolls of torment
 I - 5 scrolls of fog
 M - 3 scrolls of blinking
 X - a scroll of enchant weapon
 Z - a scroll of amnesia
Potions
 b - 2 potions of magic
 d - 4 potions of heal wounds
 e - 2 potions of invisibility
 h - 4 potions of brilliance
 k - a potion of berserk rage
 n - 5 potions of lignification
 p - 21 potions of curing
 t - 5 potions of attraction
 v - 3 potions of haste
 x - 3 potions of mutation
 L - 3 potions of might
 O - 4 potions of ambrosia
 P - 4 potions of cancellation
 T - 2 potions of resistance


   Skills:
 + Level 18.2 Fighting
 - Level 5.0 Armour
 + Level 12.3 Dodging
 - Level 2.1 Stealth
 - Level 5.0 Shields
 - Level 12.0 Spellcasting
 + Level 15.1 Conjurations
 + Level 8.2 Summonings
 - Level 4.0 Necromancy
 - Level 0.7 Transmutations
 + Level 15.2 Earth Magic


You had 7 spell levels left.
You knew the following spells:

 Your Spells              Type           Power      Damage    Failure   Level
a - Sandblast             Erth           100%       2d20      0%          1
b - Stone Arrow           Conj/Erth      100%       3d13      1%          3
c - Borgnjor's Vile Clut  Necr/Erth      27%        N/A       1%          5
d - Fireball              Conj/Fire      24%        3d11      1%          5
e - Spellforged Servitor  Conj/Summ      30%        N/A       6%          7
f - Lee's Rapid Deconstr  Erth           35%        3d18*     1%          5
g - Orb of Destruction    Conj           35%        9d10      1%          7

Your spell library contained the following spells:

 Spells                   Type           Power      Damage    Failure   Level
 Foxfire                  Conj/Fire      100%       2x1d9     1%          1
 Shock                    Conj/Air       100%       1d9       1%          1
 Passwall                 Tmut/Erth      41%        N/A       1%          2
 Petrify                  Tmut/Erth      50%        N/A       1%          4
 Animate Dead             Necr           32%        N/A       6%          4
 Dispel Undead            Necr           32%        3d14      6%          4
 Starburst                Conj/Fire      24%        6d8       6%          6
 Airstrike                Air            6%         2d(1-17)  8%          4
 Gell's Gravitas          Tloc           13%        N/A       9%          3
 Lesser Beckoning         Tloc           26%        N/A       9%          3
 Swiftness                Air            13%        N/A       9%          3
 Teleport Other           Tloc           13%        N/A       9%          3
 Alistair's Intoxication  Tmut/Pois      10%        N/A       52%         5
 Death Channel            Necr           16%        N/A       61%         6
 Eringya's Noxious Bog    Tmut/Pois      7%         N/A       61%         6
 Cigotuvi's Dreadful Rot  Necr/Pois/Air  Unusable   N/A       N/A         2

Dungeon Overview and Level Annotations

Branches:
Dungeon (15/15)            Temple (1/1) D:7            Lair (5/5) D:9
 Shoals (0/4) Lair:2        Snake (4/4) Lair:2        Slime (0/5) Lair:4
    Orc (2/2) D:12            Elf (0/3) Orc:2        Vaults (0/5) D:13
 Depths (0/4) D:15        Gauntlet (visited)

Altars:
Ashenzari
Cheibriados
Dithmenos
Elyvilon
Fedhas
Gozag
Hepliaklqana
Kikubaaqudgha
Makhleb
Nemelex Xobeh
Okawaru
Qazlal
Ru
Sif Muna
Trog
Uskayaw
Vehumet
Wu Jian
Xom
Yredelemnul
Zin
The Shining One
Jiyva
Lugonu

Shops:
D:1 [   Orc:2 [?![   Snake:2 =:=   Snake:4 [


Innate Abilities, Weirdness & Mutations

You are immune to sickness and miasma.
Your stone body is resilient. (AC +12)
You are immune to poison.
Your large and strong wings let you fly.
You resist negative energy. (rN+)
You are resistant to electric shocks. (rElec)
You are resistant to unholy torment.
You are immune to petrification.


Message History

The guardian serpent completely misses you.
The anaconda bites you but does no damage.
The anaconda constricts you.
Unknown command.
Casting: Stone Arrow (safe; 1% risk of failure)
Confirm with . or Enter, or press ? or * to list all spells.
Aiming: Stone Arrow (safe; 1% risk of failure)
Press: ? - help, Shift-Dir - straight line, f/p - anaconda
Aim: an anaconda (heavily wounded, constricting you, 61% to hit)
The stone arrow hits the anaconda!
The anaconda is severely wounded.
The orb of destruction hits the guardian serpent!!!!
The guardian serpent is blown up!
Vehumet accepts your kill.
The black mamba bites you but does no damage.
The anaconda bites you but does no damage.
The anaconda constricts you. You block the black mamba's attack.
A salamander comes into view. It is wielding a +0 glaive.
The anaconda bites you! The anaconda constricts you.
Unknown command.
Casting: Stone Arrow (safe; 1% risk of failure)
Confirm with . or Enter, or press ? or * to list all spells.
Aiming: Stone Arrow (safe; 1% risk of failure)
Press: ? - help, Shift-Dir - straight line, f/p - anaconda
Aim: an anaconda (severely wounded, constricting you, 61% to hit)
The stone arrow misses the anaconda.
The black mamba bites you!
The anaconda bites you but does no damage.
The anaconda constricts you. The black mamba closely misses you.
Unknown command.
Casting: Stone Arrow (safe; 1% risk of failure)
Confirm with . or Enter, or press ? or * to list all spells.
Aiming: Stone Arrow (safe; 1% risk of failure)
Press: ? - help, Shift-Dir - straight line, f/p - anaconda
Aim: an anaconda (severely wounded, constricting you, ally target, 61% to hit)
The stone arrow hits the anaconda!!
You kill the anaconda!
Vehumet accepts your kill.
You feel your power returning. The orb of destruction hits you!!!
Ouch! That really hurt!
You die...

#.........##
##..).....##
#####....##
#.........## ##...##
##....).)...## #....#
#.....)))÷...#
#....###.....##......
##.....#.....####...##
###............#
#...+.
#.........)...##
##.##.
#........@......#
##.#..
######..S†○.....#
###..##'
###..○.....###.......
##.○...............
#..○.####.#####.###
##..○.# ### ### #
#####..N°## ...
......(.9# .....
#........# .....


You could see a salamander (ally target), a black mamba and a friendly
spellforged servitor (summoned).

Vanquished Creatures
  Jorgrun (D:15)
  Agnes (Snake:3)
  2 nagarajas
  Aizul (Snake:4)
  The ghost of Newt the Fighter, a journeyman DsGl of Gozag (Lair:2)
  A juggernaut zombie (D:15)
  Nessos (Orc:2)
  Azrael (Orc:2)
  A minotaur (Gauntlet)
  2 dire elephants (Lair:1)
  The ghost of Imeczu Ewoacw the Transmogrifier, a journeyman OpTm of Gozag (Orc:1)
  Snorg (D:13)
  A fire dragon (Lair:5)
  An entropy weaver (Gauntlet)
  9 hydras
  An ice dragon (Lair:5)
  6 centaur warriors
  8 vault guards (D:13)
  12 anacondas
  A catoblepas (D:14)
  4 ogre magi (Orc:2)
  21 two-headed ogres
  An alligator (Lair:1)
  3 boulder beetles
  8 death yaks
  A tengu warrior (D:14)
  12 naga warriors
  A vampire mage (D:15)
  7 naga sharpshooters
  An orc high priest (Orc:1)
  5 shock serpents
  A titan zombie (D:15)
  11 skeletal warriors
  Sonja (Lair:4)
  A salamander mystic (Snake:1)
  A deep troll (D:15)
  A swamp dragon (Lair:5)
  A sea snake (Snake:1)
  6 naga ritualists
  Pikel (D:8)
  A lindwurm (Lair:5)
  2 deep elf pyromancers
  A necromancer (D:15)
  An orc sorcerer (Orc:1)
  7 mana vipers
  8 salamanders
  2 cyclopes
  A fire giant zombie (D:15)
  An oklob plant (D:6)
  2 ugly things (D:12)
  5 manticores
  27 black mambas
  Maurice (D:13)
  9 elephants
  7 guardian serpents
  Maggie (D:8)
  10 cane toads
  13 naga magi
  A gargoyle (D:13)
  8 torpor snails
  5 komodo dragons
  2 rime drakes
  4 yaktaurs (D:14)
  An efreet (D:13)
  A tengu conjurer (D:14)
  4 trolls
  A merfolk (Lair:2)
  8 hornets
  4 tyrant leeches (Lair:5)
  2 polar bears
  A wolf spider simulacrum (D:14)
  Prince Ribbit (D:7)
  A hornet (shapeshifter) (D:15)
  10 blink frogs
  A jumping spider (Gauntlet)
  3 water elementals (D:12)
  An ettin skeleton (D:15)
  A wraith (D:12)
  47 yaks
  8 slime creatures
  4 fire elementals
  Eustachio (D:5)
  8 basilisks
  6 wyverns
  Grum (D:8)
  15 vampire mosquitoes
  A redback (Gauntlet)
  5 steam dragons
  A warg (Orc:1)
  33 nagas
  An acid dragon (D:8)
  Duvessa (D:5)
  3 hell hounds
  15 water moccasins
  2 swamp drakes (Lair:5)
  14 orc warriors
  2 sky beasts
  26 ogres
  3 black bears
  17 centaurs
  28 wolves
  2 phantoms
  15 bullfrogs
  2 kobold brigands
  Blork the orc (D:5)
  2 gnoll sergeants
  A necrophage (D:4)
  6 scorpions
  10 wights
  Dowan (D:5)
  8 killer bees
  8 electric eels
  10 howler monkeys
  13 jellies
  8 orc priests
  Crazy Yiuf (D:6)
  A gnoll bouda (D:7)
  2 hounds
  6 iguanas
  20 orc wizards
  6 hell rats (Lair:2)
  19 gnolls
  6 adders
  A shadow imp (D:7)
  A dart slug (D:1)
  74 orcs
  7 endoplasms
  3 giant cockroaches
  11 goblins
  4 hobgoblins
  5 quokkas
  11 ball pythons
  12 bats
  6 frilled lizards
  18 kobolds
  5 rats
848 creatures vanquished.

Vanquished Creatures (collateral kills)
  2 naga warriors (Snake:4)
  4 naga sharpshooters (Snake:4)
  2 mana vipers (Snake:4)
  A salamander (Snake:4)
  4 black mambas (Snake:4)
  5 naga magi (Snake:4)
  2 guardian serpents (Snake:4)
  5 nagas (Snake:4)
25 creatures vanquished.

Vanquished Creatures (others)
  41 fungi
  76 plants
  7 withered plants (D:15)
124 creatures vanquished.

Grand Total: 997 creatures vanquished

Notes
Turn   | Place    | Note
-------+----------+-------------------------------------------
     0 | D:1      | cforsyth the Gargoyle Earth Elementalist began the quest
                  | for the Orb.
     0 | D:1      | Reached XP level 1. HP: 10/10 MP: 3/3
    91 | D:1      | Reached XP level 2. HP: 15/15 MP: 1/5
   400 | D:1      | Found Jibbagaj's Armour Emporium.
   562 | D:1      | Reached XP level 3. HP: 19/19 MP: 4/6
  1219 | D:2      | Found a faded altar of an unknown god.
  1461 | D:2      | Reached XP level 4. HP: 24/24 MP: 4/8
  1796 | D:3      | Reached skill level 5 in Earth Magic
  1983 | D:3      | HP: 1/24 [orc/+0 hand axe (3)]
  1986 | D:2      | Reached XP level 5. HP: 2/28 MP: 8/10
  2848 | D:3      | Found a hide-covered altar of Uskayaw.
  2892 | D:3      | Reached XP level 6. HP: 32/32 MP: 10/12
  3241 | D:4      | Found a white marble altar of Elyvilon.
  3664 | D:4      | Reached XP level 7. HP: 36/36 MP: 7/14
  3714 | D:4      | Found a shimmering altar of Xom.
  3826 | D:4      | Reached skill level 5 in Spellcasting
  3937 | D:4      | Found a sacrificial altar of Ru.
  4064 | D:4      | Found an opulent altar of Gozag.
  4064 | D:4      | Found a broken altar of Ashenzari.
  4065 | D:4      | Found a snail-covered altar of Cheibriados.
  4101 | D:5      | Entered Level 5 of the Dungeon
  4140 | D:5      | Noticed Eustachio
  4424 | D:4      | Learned a level 3 spell: Stone Arrow
  4576 | D:5      | Killed Eustachio
  4577 | D:5      | Reached skill level 1 in Conjurations
  4755 | D:5      | Reached XP level 8. HP: 41/41 MP: 10/16
  4803 | D:5      | Found an ancient bone altar of Kikubaaqudgha.
  4832 | D:5      | Noticed Dowan
  4833 | D:5      | Noticed Duvessa
  4863 | D:5      | Killed Duvessa
  4875 | D:5      | Killed Dowan
  4989 | D:5      | Noticed Blork the orc
  5303 | D:5      | Killed Blork the orc
  5723 | D:5      | Found a shadowy altar of Dithmenos.
  5893 | D:1      | Bought a +1 buckler of protection for 181 gold pieces
  6304 | D:6      | Found a blossoming altar of Fedhas.
  6315 | D:6      | Noticed an oklob plant
  6427 | D:6      | Reached skill level 1 in Fighting
  6431 | D:6      | Reached skill level 1 in Armour
  6439 | D:6      | Reached skill level 1 in Shields
  6557 | D:6      | Reached XP level 9. HP: 45/48 MP: 14/18
  6726 | D:6      | Reached skill level 2 in Fighting
  7090 | D:6      | Found a runed translucent door.
  7091 | D:6      | Noticed Crazy Yiuf
  7283 | D:6      | Killed Crazy Yiuf
  7559 | D:7      | Found an ornate altar of the Wu Jian Council.
  7559 | D:7      | Noticed Prince Ribbit
  7566 | D:7      | Killed Prince Ribbit
  7657 | D:7      | Found a staircase to the Ecumenical Temple.
  7667 | Temple   | Entered the Ecumenical Temple
  7958 | D:7      | Found a basalt altar of Yredelemnul.
  8250 | D:7      | Reached skill level 3 in Fighting
  8314 | D:7      | Reached skill level 5 in Conjurations
  8764 | D:8      | Noticed Maggie
  8771 | D:8      | Killed Maggie
  9213 | D:8      | Noticed Grum
  9222 | D:8      | Reached XP level 10. HP: 35/56 MP: 14/20
  9223 | D:8      | Killed Grum
  9227 | D:8      | Reached skill level 4 in Fighting
  9430 | D:8      | Noticed Pikel
  9533 | D:8      | Killed Pikel
  9598 | D:8      | Reached skill level 10 in Earth Magic
  9607 | D:8      | Noticed a two-headed ogre
  9615 | D:8      | Killed a two-headed ogre
  9996 | D:9      | Reached skill level 5 in Fighting
 10429 | D:9      | Found a staircase to the Lair.
 10436 | D:9      | Reached skill level 5 in Armour
 10447 | D:9      | Reached skill level 5 in Shields
 10479 | D:9      | Reached XP level 11. HP: 64/64 MP: 22/22
 10981 | D:9      | Reached skill level 6 in Fighting
 11117 | D:9      | Noticed a seven-headed hydra
 11124 | D:9      | Killed a seven-headed hydra
 11125 | D:9      | Reached skill level 5 in Dodging
 11196 | D:9      | Found a shimmering blue altar of Sif Muna.
 11364 | D:9      | Found a radiant altar of Vehumet.
 11395 | D:9      | Became a worshipper of Vehumet
 11415 | D:10     | Entered Level 10 of the Dungeon
 11473 | D:10     | Found a glowing golden altar of the Shining One.
 11602 | D:10     | Found a stormy altar of Qazlal.
 11616 | D:10     | Identified the +7 flail "Gant" {protect, Will+ Str+3}
 11693 | D:10     | Noticed a two-headed ogre
 11701 | D:10     | Killed a two-headed ogre
 11913 | D:10     | Noticed a two-headed ogre
 12204 | D:10     | Killed a two-headed ogre
 12486 | D:11     | Noticed a two-headed ogre
 12578 | D:11     | Noticed a skeletal warrior
 12578 | D:11     | Noticed a skeletal warrior
 12578 | D:11     | Noticed a skeletal warrior
 12682 | D:11     | Reached * piety under Vehumet
 12682 | D:11     | Offered knowledge of Foxfire by Vehumet.
 12732 | D:11     | Killed a two-headed ogre
 12764 | D:11     | Noticed a manticore
 12769 | D:11     | Killed a manticore
 12770 | D:11     | Reached skill level 7 in Fighting
 13253 | D:11     | Killed a skeletal warrior
 13331 | D:11     | Noticed a skeletal warrior
 13332 | D:11     | Killed a skeletal warrior
 13333 | D:11     | Reached XP level 12. HP: 72/72 MP: 22/24
 14780 | D:12     | Reached skill level 8 in Fighting
 14969 | D:12     | Found a staircase to the Orcish Mines.
 15336 | D:13     | Noticed a vault guard
 15336 | D:13     | Noticed a vault guard
 15336 | D:13     | Noticed a vault guard
 15348 | D:13     | Killed a vault guard
 15352 | D:13     | Noticed a vault guard
 15354 | D:13     | Killed a vault guard
 15518 | Lair:1   | Entered Level 1 of the Lair of Beasts
 15631 | Lair:1   | Reached ** piety under Vehumet
 15631 | Lair:1   | Offered knowledge of Shock by Vehumet.
 15858 | Lair:1   | Reached XP level 13. HP: 72/80 MP: 17/26
 15904 | Lair:1   | Learned a level 5 spell: Borgnjor's Vile Clutch
 16152 | Lair:1   | Reached skill level 9 in Fighting
 16164 | Lair:1   | Reached skill level 1 in Necromancy
 16199 | Lair:1   | Noticed a dire elephant
 16378 | Lair:1   | Reached skill level 10 in Spellcasting
 16569 | Lair:1   | Killed a dire elephant
 16650 | Lair:1   | Reached skill level 10 in Conjurations
 16694 | Lair:1   | Noticed a dire elephant
 16880 | Lair:1   | Killed a dire elephant
 16985 | Lair:1   | Offered knowledge of Kindle Blastsparks by Vehumet.
 17173 | Lair:2   | Reached *** piety under Vehumet
 17835 | Lair:2   | Found a staircase to the Snake Pit.
 17875 | Lair:2   | Offered knowledge of Airstrike by Vehumet.
 18152 | Lair:2   | Reached skill level 10 in Fighting
 18386 | Lair:2   | Found a staircase to the Shoals.
 18622 | Lair:3   | Gained mutation: Your large and strong wings let you fly.
                  | [Gargoyle growth]
 18622 | Lair:3   | Reached XP level 14. HP: 88/88 MP: 28/28
 18625 | Lair:3   | Found a gate leading to a gauntlet.
 18635 | Gauntlet | Entered a Gauntlet
 18635 | Gauntlet | Found a transporter.
 18635 | Gauntlet | Found a transporter.
 18661 | Gauntlet | Found a transporter.
 18661 | Gauntlet | Found a transporter.
 18673 | Gauntlet | Found a transporter.
 18674 | Gauntlet | Found a transporter.
 18694 | Gauntlet | Found a transporter.
 18700 | Gauntlet | Found a transporter.
 18718 | Gauntlet | Found a transporter.
 18721 | Gauntlet | Found a transporter.
 18729 | Gauntlet | Found a transporter.
 18732 | Gauntlet | Found a transporter.
 18861 | Gauntlet | Learned a level 5 spell: Fireball
 18909 | Gauntlet | Reached **** piety under Vehumet
 19069 | Gauntlet | Offered knowledge of Frozen Ramparts by Vehumet.
 19157 | Gauntlet | Identified the ring of Paniceny {Fly rPois rF- rN++ Int+6}
 20443 | Lair:4   | Reached ***** piety under Vehumet
 20443 | Lair:4   | Offered knowledge of Spellforged Servitor by Vehumet.
 20448 | Lair:4   | Reached skill level 11 in Fighting
 20553 | Lair:4   | Noticed Sonja
 20560 | Lair:4   | Killed Sonja
 20725 | Lair:4   | Found a staircase to the Slime Pits.
 20725 | Lair:4   | Found a viscous altar of Jiyva.
 21170 | Lair:5   | Entered Level 5 of the Lair of Beasts
 22505 | Lair:5   | Found a runed translucent door.
 22549 | Lair:5   | Reached skill level 12 in Fighting
 23209 | Lair:5   | Reached XP level 15. HP: 71/96 MP: 26/30
 24926 | Orc:1    | Entered Level 1 of the Orcish Mines
 24936 | Orc:1    | Found a runed translucent gate.
 24938 | Orc:1    | Found a runed translucent gate.
 24939 | Orc:1    | Found a runed translucent gate.
 25049 | Orc:1    | Noticed Imeczu Ewoacw's ghost (journeyman OpTm)
 25110 | Orc:1    | Learned a level 7 spell: Spellforged Servitor
 25554 | Orc:2    | Entered Level 2 of the Orcish Mines
 25652 | Orc:2    | Noticed Azrael
 26099 | Orc:2    | Offered knowledge of Yara's Violent Unravelling by Vehumet.
 26340 | Orc:2    | HP: 4/97 [fire elemental[Azrael] (6)]
 26702 | Orc:2    | Killed Azrael
 26845 | Orc:2    | Reached skill level 1 in Summonings
 27225 | Orc:2    | Noticed Nessos
 27233 | Orc:2    | Killed Nessos
 27577 | Orc:2    | Found a staircase to the Elven Halls.
 27703 | Orc:2    | Reached skill level 13 in Fighting
 28128 | Orc:2    | Found Qoluylu's Distillery.
 28128 | Orc:2    | Found Vugoxtog's Armour Shop.
 28129 | Orc:2    | Found Niuppory's Antique Armour Boutique.
 28129 | Orc:2    | Found Idghirati's Magic Scroll Shoppe.
 28138 | Orc:2    | Bought a scroll of fear for 68 gold pieces
 28138 | Orc:2    | Bought a scroll of blinking for 127 gold pieces
 28138 | Orc:2    | Bought a scroll of teleportation for 51 gold pieces
 28219 | Orc:2    | Bought a silken robe for 182 gold pieces
 28219 | Orc:2    | Identified the +1 robe of Resilience {rPois MP+9 Int+3}
                  | (You bought it in a shop on level 2 of the Orcish Mines)
 28226 | Orc:2    | Bought the +3 leather armour of the Lumpy Cities {rF+
                  | Will+} for 585 gold pieces
 28488 | D:13     | Noticed Snorg
 28494 | D:13     | Killed Snorg
 28617 | D:13     | Reached skill level 14 in Fighting
 28834 | D:13     | Found a gate to the Vaults.
 28964 | D:13     | Noticed Maurice
 28968 | D:13     | Killed Maurice
 29358 | D:13     | Offered knowledge of Lee's Rapid Deconstruction by Vehumet.
 29392 | D:13     | Reached skill level 10 in Dodging
 29451 | D:13     | Learned a level 5 spell: Lee's Rapid Deconstruction
 29602 | D:13     | Reached XP level 16. HP: 107/107 MP: 32/32
 30370 | D:14     | Found an ornate altar of the Wu Jian Council.
 30572 | D:15     | Entered Level 15 of the Dungeon
 30581 | D:15     | Reached skill level 15 in Fighting
 30773 | D:15     | Noticed Jorgrun
 30816 | D:15     | Killed Jorgrun
 30817 | D:15     | Reached skill level 5 in Summonings
 31023 | D:15     | Found a staircase to the Depths.
 32138 | Orc:1    | Killed Imeczu Ewoacw's ghost
 32464 | Snake:1  | Entered Level 1 of the Snake Pit
 32501 | Snake:1  | Found a runed translucent gate.
 32501 | Snake:1  | Found a runed translucent gate.
 32525 | Snake:1  | Reached skill level 16 in Fighting
 32564 | Snake:1  | Noticed Newt's ghost (journeyman DsGl)
 32571 | Snake:1  | Found a runed translucent gate.
 33342 | Snake:1  | Offered knowledge of Ozocubu's Refrigeration by Vehumet.
 33692 | Snake:1  | Reached XP level 17. HP: 116/116 MP: 29/33
 33941 | Lair:2   | Killed Newt's ghost
 34190 | Snake:1  | Identified the +3 plate armour of Jitzittoko {*Slow rElec
                  | rCorr Dex-4}
 34488 | Snake:2  | Reached skill level 17 in Fighting
 35204 | Snake:2  | Found Qoixtuc's Jewellery Boutique.
 35204 | Snake:2  | Found Initip's Book Emporium.
 35205 | Snake:2  | Found Kebucal's Jewellery Boutique.
 36167 | Snake:3  | Noticed Agnes
 36178 | Snake:3  | Killed Agnes
 36945 | Snake:4  | Entered Level 4 of the Snake Pit
 36999 | Snake:4  | Noticed Aizul
 37009 | Snake:4  | Killed Aizul
 37040 | Snake:4  | Offered knowledge of Orb of Destruction by Vehumet.
 37049 | Snake:4  | Learned a level 7 spell: Orb of Destruction
 37361 | Snake:4  | Reached skill level 18 in Fighting
 37589 | Snake:4  | Reached skill level 15 in Earth Magic
 37755 | Snake:4  | Reached skill level 15 in Conjurations
 37971 | Snake:4  | Found Godghyu's Armour Boutique.
 38449 | Snake:4  | Blown up by a spellforged servitor

Illustrated notes

Levels and vault maps discovered:
D:1:      lightli_arrival_lavapool, layout_loops_ring, serial_shops,
          nicolae_shop_advertising_works [nicolae_subvault_shop_adworks],
          minmay_heptomino_d4
D:2:      layout_basic, hellmonk_ecumenical_altar_zigzags
D:3:      minmay_wonky_spiral, layout_basic, nicolae_uskayaw_suspiria
D:4:      layout_rooms, mainiacjoe_overflow_small_starburst,
          mainiacjoe_overflow_six_doors_small, gammafunk_temple_overflow_claw,
          marbit_many_paths
D:5:      layout_loops_ring, nicolae_kikubaaqudgha_miasma_corner,
          nicolae_dithmenos_through_a_glass_darkly, nicolae_nh_ransacked_shop,
          uniq_duvessa, uniq_eustachio, uniq_blork_the_orc
D:6:      layout_basic, tgw_fedhas, serial_bayou, serial_bayou_ford_a,
          serial_bayou_crossing, serial_bayou_shore_b, serial_park_tiny_pond,
          uniq_crazy_yiuf_cottage
D:7:      statuecave_lemuel, layout_basic, lemuel_round_altar,
          mainiacjoe_overflow_tiny_flanked,
          minmay_temple_entry_statues_fountains, uniq_prince_ribbit1
D:8:      layout_basic, kennysheep_big_empty_room, uniq_maggie, uniq_pikel,
          uniq_grum
D:9:      layout_basic, lemuel_tele_altar, mainiacjoe_overflow_cross_hatched,
          minmay_lair_entry_grove
D:10:     layout_roguey, nicolae_qazlal_general_emergency, tso_metal_star
D:11:     layout_long_grid
D:12:     layout_basic, david_orc_2
D:13:     layout_stronghold, erik_vaults_2, serial_column_ruins,
          column_ruins_columns_water, column_ruins_grid_1,
          column_ruins_corridor_T, column_ruins_corridor_straight,
          column_ruins_open_tiny, minmay_misc_feat_cross,
          chequers_serial_rivers_marsh, uniq_snorg, uniq_maurice
D:14:     layout_big_octagon, nzn_wu_jian_council_hall
D:15:     gammafunk_depths_entry_grave, layout_loops_ring, uniq_jorgrun
Temple:   corrupted_temple
Lair:1:   layout_loops_ring, nicolae_lair_lakeside_cave
Lair:2:   layout_long_grid, elwin_shoals_entry_rooms,
          minmay_snake_entry_guardpost_small, grunt_megastairs_5
Lair:3:   layout_long_grid, gauntlet_entry_generic, grunt_megastairs_1
Lair:4:   layout_regular_city, minmay_slime_entry_jelly_boxes, uniq_sonja
Lair:5:   wormcave, layout_big_grid, guppyfry_lair_end_dragon
Snake:1:  layout_grid_maze, gammafunk_ghost_split, serial_bayou_shore_a
Snake:2:  layout_onion, grunt_megastairs_2, lemuel_fruit_tree, minmay_shop_grove
Snake:3:  layout_misc_corridors, serial_bayou_shore_b, uniq_agnes
Snake:4:  snake_pit_salamanders_mu, layout_cave_town, serial_shops, shop,
          uniq_aizul
Orc:1:    layout_diamond_mine, gammafunk_ghost_split
Orc:2:    st_orc_ogre_mass, layout_diamond_mine, uniq_azrael, uniq_nessos

Skill      XL: |  1  2  3  4  5  6  7  8  9 10 11 12 13 14 15 16 17 |
---------------+----------------------------------------------------+-----
Earth Magic    | 4 5 6 7 8 9 10 11 12 13 14 15 | 15.2
Spellcasting   | 3 4 5 6 7 8 9 10 11 12 | 12.0
Conjurations   | 2 4 5 6 8 9 10 11 13 14 15 | 15.1
Fighting       | 1 3 5 7 8 10 12 14 16 18 | 18.2
Armour         | 1 3 5 |  5.0
Shields        | 1 3 5 |  5.0
Dodging        | 2 3 4 5 6 7 8 10 11 12 | 12.3
Necromancy     | 3 4 |  4.0
Summonings     | 4 6 8 |  8.2
Stealth        | |  2.1
Transmutations | |  0.7

Action                   |  1- 3 |  4- 6 |  7- 9 | 10-12 | 13-15 | 16-18 || total
-------------------------+-------+-------+-------+-------+-------+-------++-------
Melee: Unarmed           |     8 |    12 |     7 |     2 |     4 |       ||    33
       Flail             |       |       |       |       |    31 |    15 ||    46
 Cast: Sandblast         |    54 |   102 |   128 |   194 |   317 |    10 ||   805
       Stone Arrow       |       |       |    38 |   174 |   448 |   509 ||  1169
       Borgnjor's Vile C |       |       |       |       |   115 |   142 ||   257
       Fireball          |       |       |       |       |     3 |       ||     3
       Lee's Rapid Decon |       |       |       |       |       |    13 ||    13
       Spellforged Servi |       |       |       |       |       |    12 ||    12
Evoke: Wand              |       |       |       |       |       |     3 ||     3
  Use: Scroll            |       |     1 |     6 |    16 |    10 |     3 ||    36
       Potion            |       |       |       |     1 |     5 |     3 ||     9
Armor: Robe              |     9 |    42 |    41 |    93 |   363 |       ||   548
       Skin              |       |       |    35 |       |       |       ||    35
       Leather armour    |       |       |       |       |     7 |   247 ||   254
Dodge: Dodged            |    15 |    39 |    67 |    97 |   365 |   236 ||   819
Block: Buckler           |       |       |     6 |    47 |   156 |    96 ||   305

Table legend: (Time is in decaauts)
 A = Elapsed time spent in this place.
 B = Non-inter-level travel time spent in this place.
 C = Inter-level travel time spent in this place.
 D = Time resting spent in this place.
 E = Time spent auto-exploring this place.
 F = Levels seen in this place.
 G = Mean time per level.
                   A        B        C        D        E       F      G
               +--------+--------+--------+--------+--------+-----+--------+
         Total |  39077 |  36863 |   2214 |   9138 |  19571 |  28 | 1395.6 |
       Dungeon |  19848 |  18245 |   1603 |   3464 |  11258 |  15 | 1323.2 |
        Temple |     49 |     37 |     12 |      0 |     31 |   1 |   49.0 |
          Lair |   9218 |   8787 |    431 |   1986 |   4408 |   5 | 1843.6 |
     Snake Pit |   5747 |   5689 |     58 |   1772 |   2516 |   4 | 1436.8 |
  Orcish Mines |   3610 |   3500 |    110 |   1753 |   1217 |   2 | 1805.0 |
      Gauntlet |    603 |    603 |      0 |    163 |    141 |   1 |  603.0 |
               +--------+--------+--------+--------+--------+-----+--------+

Top non-repeatable levels by time:
  Lair:5: 3117 daAuts
   Orc:1: 2149 daAuts
  Lair:2: 1860 daAuts
    D:12: 1814 daAuts
  Lair:1: 1705 daAuts
 Snake:1: 1670 daAuts
     D:8: 1626 daAuts
     D:3: 1568 daAuts
  Lair:4: 1548 daAuts
 Snake:2: 1516 daAuts
 Snake:4: 1504 daAuts
     D:9: 1499 daAuts
   Orc:2: 1461 daAuts
    D:11: 1447 daAuts
     D:5: 1425 daAuts
